General information
- name: DJOrwell P:| L:5
- type: Custom game
- host: DJOrwell
- saver: PIESOFTHENORTH
map: Korea
- players: 3
- length: 26:20
- speed: Fast
- version: 1.26 W3XP
- replay type: Public
» download(164 KB)
Players
team 1 (loser)

»
PIESOFTHENORTH (
blue | 80 APM | 2109 actions | 26:20)
4 Death Knight
2 Death Coil
2 Unholy Aura
4 Lich
2 Frost Nova
2 Dark Ritual
3 Dark Ranger
2 Silence
1 Black Arrow
» actions
| Assign group hotkey | 58 | |
| Basic commands | 76 | |
| Build / train | 64 | |
| ESC pressed | 3 | |
| Enter build submenu | 24 | |
| Enter hero's abilities submenu | 12 | |
| Give item / drop item | 3 | |
| Right click | 915 | |
| Select / deselect | 423 | |
| Select group hotkey | 419 | |
| Use ability | 112 | |
2109 total
» units
| Acolyte | 5 | |
| Ghoul | 11 | |
| Crypt Fiend | 5 | |
| Obsidian Statue | 8 | |
29 total
» upgrades
| Unholy Strength | 1 | |
| Creature Carapace | 2 | |
| Destroyer Form | 1 | |
| Web | 1 | |
| Creature Attack | 2 | |
7 total
» buildings
| Crypt | 3 | |
| Graveyard | 1 | |
| Ziggurat | 6 | |
| Altar of Darkness | 1 | |
| Nerubian Tower | 2 | |
| Tomb of Relics | 1 | |
| Halls of the Dead | 1 | |
| Slaughterhouse | 2 | |
| Black Citadel | 1 | |
| Spirit Tower | 1 | |
| Sacrificial Pit | 1 | |
20 total
» build order
00:08 Crypt
00:21 Graveyard
00:41 Ziggurat
01:19 Altar of Darkness
01:46 Nerubian Tower
02:12 Ziggurat
02:43 Tomb of Relics
03:24 Nerubian Tower
03:29 Crypt
04:41 Ziggurat
04:44 Halls of the Dead
05:42 Ziggurat
08:17 Slaughterhouse
09:11 Slaughterhouse
09:12 Black Citadel
10:20 Ziggurat
11:32 Spirit Tower
12:32 Sacrificial Pit
16:22 Ziggurat
16:23 Crypt
» items
| Rod of Necromancy | 1 | |
| Potion of Healing | 7 | |
| Scroll of Healing | 1 | |
9 total
team 2 (winner)

»
ghettooverlord (
dark-green | 157 APM | 4137 actions | 26:20)
4 Archmage
2 Summon Water Elemental
2 Brilliance Aura
3 Mountain King
2 Storm Bolt
1 Bash
3 Paladin
2 Holy Light
1 Devotion Aura
» actions
| Assign group hotkey | 242 | |
| Basic commands | 471 | |
| Build / train | 108 | |
| ESC pressed | 4 | |
| Enter build submenu | 38 | |
| Enter hero's abilities submenu | 10 | |
| Right click | 1601 | |
| Select / deselect | 730 | |
| Select group hotkey | 761 | |
| Use ability | 172 | |
4137 total
» units
| Peasant | 27 | |
| Footman | 11 | |
| Dragonhawk Rider | 2 | |
| Gryphon Rider | 4 | |
| Spell Breaker | 1 | |
| Siege Engine | 4 | |
| Knight | 2 | |
| Flying Machine | 2 | |
| Mortar Team | 1 | |
54 total
» upgrades
| Masonry | 2 | |
| Defend | 1 | |
| Storm Hammers | 1 | |
| Cloud | 1 | |
| Animal War Training | 1 | |
| Swords | 3 | |
| Lumber Harvesting | 1 | |
| Barrage | 1 | |
| Fragmentation Shards | 1 | |
| Flak Cannons | 1 | |
| Plating | 1 | |
14 total
» buildings
| Barracks | 1 | |
| Farm | 11 | |
| Altar of Kings | 1 | |
| Lumber Mill | 1 | |
| Keep | 3 | |
| Arcane Vault | 1 | |
| Gryphon Aviary | 2 | |
| Arcane Sanctum | 1 | |
| Scout Tower | 15 | |
| Guard Tower | 10 | |
| Castle | 1 | |
| Blacksmith | 2 | |
| Town Hall | 2 | |
| Workshop | 2 | |
| Arcane Tower | 1 | |
54 total
» build order
00:24 Barracks
00:34 Farm
00:35 Farm
00:49 Altar of Kings
01:05 Lumber Mill
01:51 Farm
02:41 Farm
02:43 Farm
04:04 Farm
04:41 Keep
04:41 Keep
04:41 Keep
05:37 Arcane Vault
06:55 Farm
07:06 Gryphon Aviary
07:07 Gryphon Aviary
07:09 Arcane Sanctum
07:12 Scout Tower
08:16 Guard Tower
08:16 Castle
09:17 Farm
11:20 Blacksmith
11:22 Blacksmith
12:27 Town Hall
12:30 Scout Tower
12:31 Scout Tower
12:32 Scout Tower
12:34 Scout Tower
12:52 Guard Tower
13:03 Guard Tower
13:07 Guard Tower
13:07 Guard Tower
14:13 Farm
14:57 Workshop
14:58 Workshop
17:08 Farm
17:09 Farm
18:13 Scout Tower
18:14 Scout Tower
18:14 Scout Tower
18:27 Town Hall
18:28 Scout Tower
18:28 Scout Tower
18:29 Scout Tower
18:29 Scout Tower
18:30 Scout Tower
18:47 Guard Tower
19:01 Guard Tower
19:10 Guard Tower
19:27 Guard Tower
20:47 Scout Tower
20:47 Scout Tower
21:47 Arcane Tower
21:48 Guard Tower
» items
| Scroll of Regeneration | 3 | |
| Lesser Clarity Potion | 3 | |
| Scroll of Town Portal | 2 | |
| Scroll of Healing | 1 | |
9 total
refereesDJOrwell Chat log
(00:13 / All) ghettooverlord: This map is racist.
(00:25 / All) DJOrwell: they should've made a map for every country
(00:38 / All) ghettooverlord: Hmmmm.
(00:44 / All) ghettooverlord: Libya would be the best map imo.
(00:52 / All) ghettooverlord: So much diversity!
(00:57 / All) PIESOFTHENORTH: Be warned, I can beat my brother at this game!
(01:03 / All) ghettooverlord: OH SNAP
(01:08 / All) DJOrwell: is there a way to perma-rotate
(01:12 / All) ghettooverlord: Negative.
(01:17 / All) DJOrwell: darn :(
(01:22 / All) DJOrwell: why blizz, why
(01:32 / All) ghettooverlord: The art direction wasn't designed for it.
(01:33 / All) ghettooverlord: lol
(01:41 / All) DJOrwell: oh damn, good point
(01:46 / All) DJOrwell: every building seems thoughtfully angled
(02:15 / All) DJOrwell: I like how I get a neutral referee announcer
(02:23 / All) DJOrwell: A PLAYER'S FORCES ARE UNDER ATTACK
(02:25 / All) ghettooverlord: I bet you it's Rob Pardo!
(02:41 / All) DJOrwell: that wall-off doesn't actually seem to wall-off
(02:47 / All) ghettooverlord: Not all the way, it doesn't.
(02:50 / All) ghettooverlord: Should still cover heroes.
(03:01 / All) ghettooverlord: Ghouls can go through the cracks.
(03:09 / All) DJOrwell: which is better, cold or spirit?
(03:19 / All) PIESOFTHENORTH: i like cold
(03:29 / All) ghettooverlord: Spirit Towers deal more damage, Cold Towers stuff heroes.
(03:51 / All) ghettooverlord: You never ever need more than one cold tower.
(03:55 / All) ghettooverlord: You can change targets if you have to.
(04:01 / All) PIESOFTHENORTH: meh
(04:04 / All) PIESOFTHENORTH: Too much micro
(04:11 / All) ghettooverlord: Reported.
(04:12 / All) DJOrwell: wait, the tower is a building
(04:17 / All) DJOrwell: is it technically micro or macro
(04:19 / All) DJOrwell: OR IS IT BOTH
(04:22 / All) ghettooverlord: Micro. :P
(04:27 / All) ghettooverlord: heheh
(04:35 / All) DJOrwell: miacro
(05:05 / All) DJOrwell: why the far-out farms
(05:10 / All) ghettooverlord: Scout Farms.
(05:16 / All) ghettooverlord: They have so much health it's not worth attacking them.
(05:21 / All) DJOrwell: that's crazy
(05:29 / All) PIESOFTHENORTH: I do it in RT
(05:32 / All) PIESOFTHENORTH: Usually in the other guy's base.
(05:36 / All) PIESOFTHENORTH: lol
(06:00 / All) PIESOFTHENORTH: but other times, like on big maps like fsa, just on the pathways
(06:02 / All) ghettooverlord: In Human vs. Elf, players will use their Scout Peasant and just build a Farm in the base.
(06:10 / All) ghettooverlord: Nothing can stop it, so why not?
(06:13 / All) PIESOFTHENORTH: yeah
(06:49 / All) ghettooverlord: Good grief, this map is silly.
(06:52 / All) PIESOFTHENORTH: yeah
(07:02 / All) ghettooverlord: Never actually played it before. lol
(07:23 / All) DJOrwell: it's direct
(07:46 / All) DJOrwell: do you guys keypan or mousepan?
(07:58 / All) ghettooverlord: one sec
(07:59 / All) PIESOFTHENORTH: Mouse
(08:20 / All) ghettooverlord: What do you mean by keypan?
(08:25 / All) DJOrwell: keyboard pan
(08:30 / All) DJOrwell: arrow keys
(08:38 / All) ghettooverlord: Oh, I use the mouse and click the minimap.
(08:43 / All) PIESOFTHENORTH: LAG
(08:43 / All) ghettooverlord: And yeah, mouse pan.
(08:44 / All) PIESOFTHENORTH: WTF
(08:50 / All) ghettooverlord: lol dont act like its hurting your game
(08:55 / All) PIESOFTHENORTH: OMGOMGOMG
(08:55 / All) DJOrwell: sorry
(09:00 / All) DJOrwell: I hit windows key accidentally
(09:04 / All) PIESOFTHENORTH: k
(09:25 / All) DJOrwell: don't worry if there's lag it affects both of you equally :D
(10:16 / All) DJOrwell: ghetto's base is so neat
(10:23 / All) ghettooverlord: lol
(10:29 / All) ghettooverlord: It's the one thing I'm good at.
(11:54 / All) DJOrwell: why is lumber so useless
(12:01 / All) ghettooverlord: It's important.
(12:12 / All) ghettooverlord: Won't lie about that.
(12:13 / All) DJOrwell: you've both got massive excesses of it though
(12:18 / All) ghettooverlord: That's my fault, mostly.
(12:19 / All) ghettooverlord: Too many peasants.
(12:22 / All) PIESOFTHENORTH: same
(12:50 / All) ghettooverlord: Working on getting rid of it. <3
(13:05 / All) PIESOFTHENORTH: Not sure if I like that
(13:05 / All) ghettooverlord: gtfo
(13:13 / All) ghettooverlord: Not sure if I like you!
(13:14 / All) DJOrwell: oh snap 2 mines vs. 1
(13:36 / All) DJOrwell: thank you for the worthless zoom function blizzard
(13:37 / All) ghettooverlord: Well, that's the problem with this map as it plays in current balance.
(13:47 / All) ghettooverlord: Human needs the early expansion to play competitively on a regular basis.
(13:54 / All) PIESOFTHENORTH: really?
(14:02 / All) ghettooverlord: Yeah, that's always been their playstyle.
(14:06 / All) PIESOFTHENORTH: oh
(14:08 / All) ghettooverlord: One base human is hard.
(14:37 / All) DJOrwell: I read that article on highper.ch
(14:42 / All) DJOrwell: that was hilarious
(14:44 / All) ghettooverlord: lol yeah
(14:57 / All) DJOrwell: it's wonderful to know tower defense can be a viable strategy
(15:05 / All) ghettooverlord: That map is just shit,.
(15:35 / All) DJOrwell: OH SNAP
(15:40 / All) ghettooverlord: Reported.
(16:42 / All) PIESOFTHENORTH: Did i just run that dest into your towers?
(16:45 / All) ghettooverlord: Yes.
(16:47 / All) PIESOFTHENORTH: Damn.
(16:59 / All) PIESOFTHENORTH: Apologize for using that structure.
(16:59 / All) ghettooverlord: lol
(17:04 / All) ghettooverlord: No thanks, brah.
(17:22 / All) DJOrwell: one thing that strieks me about this compared to starcraft is that
(17:26 / All) DJOrwell: all military units must be active
(17:33 / All) PIESOFTHENORTH: Yeah
(17:35 / All) PIESOFTHENORTH: I like that
(17:37 / All) ghettooverlord: Yeah, either creeping or attacking.
(17:45 / All) ghettooverlord: Doing both at the same time is a must.
(18:02 / All) DJOrwell: ghetto I think your problem with dota is that warcraft 3 never got a kickass eurodance beat
(18:32 / All) DJOrwell: shit I can influence the outcome with distraction
(18:35 / All) ghettooverlord: lol
(18:46 / All) PIESOFTHENORTH: damn
(18:58 / All) DJOrwell: whoever loses, I win
(19:03 / All) DJOrwell: i should spectate more matches
(19:23 / All) ghettooverlord: My unit control is fucking horrible right now.
(19:24 / All) ghettooverlord: Good god.
(20:01 / All) DJOrwell: having multiple heroes in play divides EXP, right?
(20:04 / All) ghettooverlord: Yeah.
(20:11 / All) ghettooverlord: Solo heroes get a bonus based on the tier of their main building.
(20:12 / All) DJOrwell: is it worth it, then, generally?
(20:17 / All) DJOrwell: oh wow
(20:29 / All) ghettooverlord: It's ten and twenty exp.
(20:31 / All) ghettooverlord: percent
(21:42 / All) PIESOFTHENORTH: Yeah
(21:42 / All) DJOrwell: ghetto upgrade those towers in your expansion
(21:44 / All) ghettooverlord: This is usually how I win most of my games: Get outplayed, get more gold.
(21:46 / All) PIESOFTHENORTH: not sure what I could do at this point
(21:58 / All) ghettooverlord: There isn't anything. lol
(22:20 / All) DJOrwell: that building has a lot of fucking hitpoints
(22:39 / All) PIESOFTHENORTH: damn
(22:40 / All) PIESOFTHENORTH: didit again
(22:48 / All) DJOrwell: WHERE WAS THE TP
(22:56 / All) PIESOFTHENORTH: didn't have
(23:00 / All) ghettooverlord: Well, I would want him to TP at this point.
(23:06 / All) DJOrwell: where, why, nooooooo
(23:31 / All) PIESOFTHENORTH: oh what the fuck
(23:33 / All) ghettooverlord: lol
(23:34 / All) PIESOFTHENORTH: why wasn't duke ragereaver with them
(23:36 / All) DJOrwell: i dislike the chasing in this game
(23:51 / All) DJOrwell: should have benny hill on the soundtrack
(24:23 / All) DJOrwell: oh snap
(24:48 / All) DJOrwell: ooooooooohhhhhh snap
(25:00 / All) DJOrwell: the towers, freakapie
(25:02 / All) PIESOFTHENORTH: yeah
(25:03 / All) DJOrwell: upgrade the towers
(25:04 / All) PIESOFTHENORTH: think yuo won
(25:11 / All) ghettooverlord: Prob.
(25:12 / All) PIESOFTHENORTH: Still
(25:16 / All) PIESOFTHENORTH: Did better than our last game
(25:18 / All) PIESOFTHENORTH: I'd say
(25:20 / All) ghettooverlord: You got better.
(25:29 / All) PIESOFTHENORTH: didn't expect o kill so many heroes
(25:42 / All) DJOrwell: gg everyone
(25:46 / All) ghettooverlord: ggs
(25:47 / All) PIESOFTHENORTH: yeah
(25:48 / All) PIESOFTHENORTH: gg
(25:50 / All) ghettooverlord: Yeah, this map is a pain in the ass, though.
(25:52 / All) ghettooverlord: Stand by that.
(25:53 / All) ghettooverlord: lol
(25:54 / All) PIESOFTHENORTH: yeah I don't like it
(25:59 / All) PIESOFTHENORTH: It made me suicide destros
(26:01 / All) PIESOFTHENORTH: THATS WHAT I BLAME
(26:11 / All) PIESOFTHENORTH: But yeha
(26:11 / All) PIESOFTHENORTH: gg
(26:14 / All) ghettooverlord: ggs
(26:15 / All) ghettooverlord: I'm out.
(26:17 / All) ghettooverlord: Later guys.
(26:19 / All) PIESOFTHENORTH: k